 Dungeon Crawl Stone Soup version 0.21.1-1-g345015f (webtiles) character file.

9 inc the Chiller (level 2, -1/17 HPs)
             Began as an Octopode Ice Elementalist on Apr 21, 2018.
             Slain by a hobgoblin
             ... wielding a +0 club
              (4 damage)
             ... on level 1 of the Dungeon.
             The game lasted 00:00:43 (363 turns).

inc the Chiller (Octopode Ice Elementalist)          Turns: 363, Time: 00:00:44

Health: -1/17      AC:  1    Str:  7    XL:     2   Next: 16%
Magic:  3/5        EV: 13    Int: 17    God:
Gold:   32         SH:  0    Dex: 12    Spells: 5/6 levels left

rFire    . . .     SeeInvis .   c - +0 dagger
rCold    . . .     Gourm    .   (no shield)
rNeg     . . .     Faith    .   (helmet restricted)
rPois    .         Spirit   .   (no amulet)
rElec    .         Reflect  .   (no ring)
rCorr    .         Harm     .   (no ring)
MR       .....                  (no ring)
Stlth    +++.......             (no ring)
HPRegen  0.05/turn              (no ring)
MPRegen  0.09/turn              (no ring)
                                (no ring)
                                (no ring)

@: no status effects
A: almost no armour, stealthy swim, amphibious, 8 rings, constrict 8, camouflage
1, gelatinous body 1
a: no special abilities


You were on level 1 of the Dungeon.
You were not hungry.

You visited 1 branch of the dungeon, and saw 1 of its levels.

You collected 32 gold pieces.

Inventory:

Hand Weapons
 c - a +0 dagger (weapon)
Scrolls
 d - a scroll of identify {unknown}
 e - a scroll of teleportation {unknown}
Books
 a - a book of Frost

   Spells                             Type                      Level
   a - Freeze                         Ice                          1
   b - Throw Frost                    Conjuration/Ice              2
   c - Ozocubu's Armour               Charms/Ice                   3
   d - Throw Icicle                   Conjuration/Ice              4
   e - Summon Ice Beast               Ice/Summoning                4
Comestibles
 b - 2 rations


   Skills:
 - Level 2.0 Dodging
 - Level 2.6 Stealth
 + Level 2.7 Spellcasting
   Level 1.0 Conjurations
 - Level 3.0 Ice Magic


You had 5 spell levels left.
You knew the following spells:

 Your Spells              Type           Power        Failure   Level  Hunger
a - Freeze                Ice            ##..         5%          1    #......


Dungeon Overview and Level Annotations

Branches:
Dungeon (1/15)

Altars:


Innate Abilities, Weirdness & Mutations

You cannot wear most types of armour.
You are very stealthy in the water. (Stealth+)
You are amphibious.
You can wear up to eight rings at the same time.
You can use your tentacles to constrict eight enemies at once.
Your skin changes colour to match your surroundings (Stealth+).
Your rubbery body absorbs attacks. (AC +1, EV +1)


Message History

You release your grip on the leopard gecko.
The leopard gecko bites you but does no damage.
The leopard gecko bites you.
* * * LOW HITPOINT WARNING * * *
Casting: Freeze
Confirm with . or Enter, or press ? or * to list all spells.
Aiming: Freeze
Press: ? - help, Shift-Dir - straight line, f - leopard gecko
Aim: a leopard gecko (severely wounded, clinging)
You freeze the leopard gecko.
You kill the leopard gecko!
Casting: Freeze
Confirm with . or Enter, or press ? or * to list all spells.
Aiming: Freeze
Press: ? - help, Shift-Dir - straight line, f - hobgoblin
Aim: a hobgoblin, wielding a club You freeze the hobgoblin.
The hobgoblin is almost dead.
The hobgoblin hits you with a club.
You die...

#.........##..........######.....
...........................'.....
#......##.##.####......#####.....
.................#..#...# ##.....
...##...........##†.#...###......
...#####..##.##.##.......##......
.....###..##..#.........###......
#.##.#...###..##.....#......##'##
...............g@..#.#.#######'##
..###########..##....#.# #†.....
## #..###.#.# #.#.... ##g....#.#
#.#.... #..##.#.# #.#....
#..##...#. #.#.... ##.......#.#
#†#.... #........#.####.#....
#........#.##...#....


You could see a hobgoblin.

Vanquished Creatures
  A leopard gecko (D:1)
  A goblin (D:1)
  A hobgoblin (D:1)
  3 bats (D:1)
  2 frilled lizards (D:1)
  A rat (D:1)
9 creatures vanquished.

Notes
Turn   | Place    | Note
-------+----------+-------------------------------------------
     0 | D:1      | inc the Octopode Ice Elementalist began the quest for the Orb.
     0 | D:1      | Reached XP level 1. HP: 11/11 MP: 3/3
   302 | D:1      | Reached XP level 2. HP: 17/17 MP: 5/5
   363 | D:1      | Slain by a hobgoblin

Action                   || total
-------------------------++-------
Melee: Dagger            ||    15
       Constrict         ||     4
       Unarmed           ||     3
       Tentacles         ||     2
 Cast: Freeze            ||     5
 Stab: Sleeping          ||     4
Armor: Skin              ||     6
Dodge: Dodged            ||    23
